Map: Kairos Junction LE

Players

Ryosis - Winner!

  • Race: Zerg Zerg
  • Spawn Location: 11:00

GhostHell

  • Race: Zerg Zerg
  • Spawn Location: 5:00

Event: 2019 WCS Spring

VOD

Have the link to the VOD?

Description

Time

  • Played on: May 17, 2019, 10:02 a.m.
  • Length: 8:40

All games in this series

Show
View Real Time Build Order
Export as new Build Order

Ryosis Zerg - Winner!

Build Orders: Pool First 

Get SALT Encoding   

  12  0:17  Spawning Pool  
  11  0:21  Drone  
  11  0:27  Drone  
  13  0:31  Drone  
  14  0:40  Overlord  
  14  1:04  Zergling x4  
  14  1:05  Zergling x2  
  17  1:15  Zergling x2  
  18  1:19  Hatchery  
  17  1:26  Zergling x2  
  18  1:35  Queen  
  18  1:38  Zergling x2  
  21  1:47  Overlord  
  21  2:00  Drone  
  21  2:11  Drone  
  21  2:12  Queen  
  23  2:21  Drone  
  23  2:32  Queen  
  23  2:33  Drone x2  
  26  2:43  Extractor, Drone x3  
  28  2:46  Drone  
  28  2:49  Drone  
  30  2:57  Drone x2  
  32  3:04  Overlord  
  32  3:10  Evolution Chamber  
  29  3:13  Evolution Chamber  
  29  3:19  Evolution Chamber  
  26  3:27  Spine Crawler  
  26  3:30  Zergling x6  
  26  3:32  Zergling x2  
  29  3:40  Roach Warren  
  29  3:42  Drone  
  30  3:49  Overlord  
  30  3:50  Drone  
  31  3:56  Drone x2  
  31  3:57  Drone  
  33  4:03  Drone  
  33  4:05  Drone  
  33  4:06  Drone  
  36  4:10  Drone  
  36  4:14  Drone  
  36  4:15  Drone  
  39  4:19  Drone  
  39  4:20  Drone  
  39  4:23  Drone  
  41  4:25  Drone  
  41  4:28  Drone  
  41  4:31  Extractor, Drone  
  44  4:33  Extractor, Drone  
  43  4:39  Lair  
  43  4:42  Drone  
  43  4:44  Drone  
  45  4:49  Overlord  
  45  4:50  Drone  
  45  4:52  Drone  
  47  4:55  Drone x2  
  49  5:00  Zerg Missile Weapons Level 1  
  49  5:04  Drone x2  
  51  5:07  Overlord  
  51  5:18  Roach x2  
  51  5:19  Roach x2  
  59  5:28  Overlord  
  59  5:30  Roach x3  
  65  5:40  Hatchery, Overseer  
  64  5:42  Glial Reconstitution  
  64  5:50  Roach x3  
  64  5:56  Overlord  
  70  5:57  Roach  
  70  6:01  Roach x2  
  76  6:05  Overlord  
  76  6:12  Overlord  
  76  6:16  Roach x3  
  82  6:19  Overlord  
  82  6:20  Roach  
  82  6:24  Roach x2  
  86  6:28  Overlord  
  86  6:34  Roach x2  
  86  6:40  Roach x3  
  86  6:45  Roach  
  86  6:46  Roach  
  96  6:52  Roach x4  
  94  6:57  Roach  
  94  7:00  Queen  
  82  7:02  Overseer  
  82  7:03  Roach x2  
  86  7:08  Roach  
  86  7:09  Roach  
  86  7:13  Roach x2  
  94  7:18  Roach  
  96  7:25  Hatchery, Roach  
  97  7:30  Roach  
  97  7:33  Overlord  
  97  7:34  Roach x2  
  103  7:40  Overlord  
  103  7:49  Drone x2  
  105  7:52  Drone  
  105  7:53  Drone  
  105  7:56  Drone x2  
  97  8:02  Drone x2  
  97  8:04  Ravager  
  97  8:05  Drone x3  
  101  8:14  Drone x2  
  101  8:19  Overlord  
Show
View Real Time Build Order
Export as new Build Order

GhostHell Zerg 

Build Orders: Pool First 

Get SALT Encoding   

  12  0:01  Drone  
  13  0:12  Overlord  
  13  0:18  Drone  
  14  0:31  Drone x2  
  16  0:36  Drone  
  17  0:45  Extractor  
  17  0:46  Spawning Pool  
  17  0:49  Drone  
  16  0:58  Drone  
  17  1:06  Drone  
  18  1:20  Hatchery  
  17  1:33  Zergling x2  
  17  1:34  Zergling x2  
  17  1:37  Queen  
  21  1:45  Metabolic Boost  
  21  1:51  Overlord  
  21  1:57  Zergling x2  
  21  2:12  Zergling x2  
  21  2:13  Zergling x2  
  21  2:23  Zergling x2  
  21  2:35  Queen  
  21  2:43  Zergling x2  
  22  2:48  Zergling x2  
  23  2:53  Zergling x4  
  25  2:59  Zergling x4  
  27  3:10  Zergling x6  
  30  3:35  Queen  
  30  3:36  Drone x2  
  29  3:50  Drone x2  
  29  3:53  Hatchery  
  29  3:58  Evolution Chamber  
  29  4:00  Drone  
  29  4:07  Drone x2  
  31  4:21  Drone x3  
  34  4:26  Zerg Melee Weapons Level 1  
  34  4:32  Overlord  
  34  4:34  Drone  
  35  4:40  Drone  
  36  4:57  Baneling Nest  
  36  4:59  Zergling x10  
  41  5:00  Zergling x4  
  41  5:03  Drone  
  42  5:17  Overlord  
  42  5:19  Zergling x10  
  47  5:24  Queen  
  49  5:31  Overlord  
  49  5:42  Drone x2  
  50  5:44  Zergling x10  
  55  5:56  Zergling x10  
  60  6:06  Zergling x10  
  65  6:13  Baneling x7  
  65  6:14  Baneling  
  65  6:15  Baneling  
  65  6:22  Zergling x2  
  64  6:33  Zergling x4  
  61  6:44  Zergling x4  
  61  6:45  Zergling x6  
  61  6:46  Overlord  
  58  6:58  Zergling x16  
  52  7:05  Zergling x2  
  52  7:07  Baneling x6  
  52  7:11  Zergling x4  
  54  7:21  Zergling x10  
  59  7:28  Zergling x2  
  60  7:33  Baneling x3  
  60  7:34  Zergling x4  
  62  7:41  Zergling x12  
  57  7:51  Zergling x2  
  57  7:52  Zergling x2  
  45  7:58  Zergling x2  
  49  8:06  Zergling x8  
  49  8:11  Zergling x4  
  52  8:20  Zergling x8  
Tags
 
Add a new tag
Caveats
  • Supply blocks, unpowered buildings, or Contaminate may cause inaccurate times.
  • Supply counts are checked every 10 seconds.